 Dungeon Crawl Stone Soup version 0.21.1-1-g345015fe64 (webtiles) character file.

43 Fascinator the Ruffian (level 3, 0/29 HPs)
             Began as a Draconian Transmuter on July 8, 2018.
             Succumbed to a worker ant's poison
             ... on level 4 of the Dungeon.
             The game lasted 00:02:45 (1494 turns).

Fascinator the Ruffian (Draconian Transmuter)       Turns: 1494, Time: 00:02:45

Health: 0/29       AC:  5    Str: 13    XL:     3   Next: 37%
Magic:  5/6        EV: 12    Int: 13    God:
Gold:   114        SH:  0    Dex: 11    Spells: 5/6 levels left

rFire    . . .     SeeInvis +     - Unarmed
rCold    . . .     Gourm    .   (no shield)
rNeg     . . .     Faith    .   (armour unavailable)
rPois    .         Spirit   .   (helmet restricted)
rElec    .         Reflect  .   (no cloak)
rCorr    .         Harm     .   (no gloves)
MR       .....                  (no boots)
Stlth    +.........             (no amulet)
HPRegen  0.09/turn              e - ring of see invisible
MPRegen  0.10/turn              (no ring)

@: lethally poisoned (0 -> -14), very slightly contaminated
A: unfitting armour, horns 1, see invisible, cold-blooded, AC +5
a: no special abilities


You were on level 4 of the Dungeon.
You were very hungry.

You visited 1 branch of the dungeon, and saw 3 of its levels.

You collected 114 gold pieces.

Inventory:

Missiles
 a - 12 arrows
Jewellery
 e - a ring of see invisible (left hand)
Wands
 o - a wand of clouds (4)
Scrolls
 d - 3 scrolls of identify {unknown}
 f - a scroll of random uselessness {unknown}
 j - 3 scrolls of remove curse {unknown}
 l - 2 scrolls of amnesia {unknown}
Potions
 h - 3 potions of brilliance {unknown}
 i - 2 potions of might {unknown}
 k - a potion of curing {unknown}
 m - a potion of magic {unknown}
 n - a potion of heal wounds {unknown}
Books
 b - a book of Changes

   Spells                             Type                      Level
   a - Beastly Appendage              Transmutation                1
   b - Sticks to Snakes               Transmutation                2
   c - Spider Form                    Transmutation/Poison         3
   d - Ice Form                       Ice/Transmutation            4
   e - Blade Hands                    Transmutation                5
Comestibles
 c - 2 rations


   Skills:
 + Level 1.7 Fighting
 + Level 2.0 Dodging
 * Level 3.5 Unarmed Combat
 + Level 2.3 Spellcasting
 + Level 2.3 Transmutations


You had 5 spell levels left.
You knew the following spells:

 Your Spells              Type           Power        Failure   Level  Hunger
a - Beastly Appendage     Tmut           #.....       10%         1    #......


Dungeon Overview and Level Annotations

Branches:
Dungeon (2/15)

Altars:


Innate Abilities, Weirdness & Mutations

Your plain brown scales are hard. (AC +5)
You cannot fit into any form of body armour.
You are cold-blooded and may be slowed by cold attacks.
You have a pair of small horns on your head.
You have supernaturally acute eyesight. (SInv)


Message History

You are poisoned.
The worker ant poisons you!
You closely miss the worker ant.
The worker ant is moderately wounded.
You feel sick. The worker ant bites you.
You are lethally poisoned!
The worker ant poisons you!
You barely miss the worker ant.
The worker ant is moderately wounded.
You feel sick. The worker ant barely misses you.
Unknown command.
You hit the worker ant but do no damage.
Your punch misses the worker ant.
The worker ant is moderately wounded.
You feel sick. The worker ant bites you!
* * * LOW HITPOINT WARNING * * *
It was a potion of mutation.
You feel extremely strange.
Your vision sharpens.
A pair of horns grows on your head!
You are feeling very hungry.
You die...

### #.# ..#
#.# #.#
###a##
#.####..@.#
..........#
####.....#
#......#
#......#
#......#
###....#
######


You could see a worker ant.

Vanquished Creatures
  An adder (D:2)
  2 dart slugs (D:1)
  2 leopard geckos (D:1)
  3 giant cockroaches
  2 goblins (D:1)
  2 hobgoblins
  A quokka (D:2)
  6 bats
  2 frilled lizards (D:1)
  3 kobolds (D:1)
  6 rats
30 creatures vanquished.

Notes
Turn   | Place    | Note
-------+----------+-------------------------------------------
     0 | D:1      | Fascinator the Draconian Transmuter began the quest for the Orb.
     0 | D:1      | Reached XP level 1. HP: 16/16 MP: 3/3
   389 | D:1      | Reached XP level 2. HP: 16/23 MP: 5/5
  1074 | D:2      | Reached XP level 3. HP: 18/28 MP: 6/6
  1473 | D:2      | You fall through a shaft for 2 floors!
  1493 | D:4      | HP: 1/29 [worker ant (8)]
  1494 | D:4      | Gained mutation: You have supernaturally acute eyesight. (SInv) [potion of mutation]
  1494 | D:4      | Gained mutation: You have a pair of small horns on your head. [potion of mutation]
  1494 | D:4      | Succumbed to a worker ant's poison

Skill      XL: |  1  2 |
---------------+-------+-----
Dodging        | 2 |  2.0
Fighting       | |  1.7
Unarmed Combat | |  3.5
Spellcasting   | |  2.3
Transmutations | |  2.3

Action                   || total
-------------------------++-------
Melee: Unarmed           ||   121
       Tailslap          ||     9
       Headbutt          ||     4
       Kick              ||     1
 Cast: Beastly Appendage ||     4
  Use: Potion            ||     1
  Eat: Chunk             ||     1
Armor: Skin              ||    49
Dodge: Dodged            ||    82
